 Dungeon Crawl Stone Soup version 0.30.1-4-g462c640d31 (webtiles) character file.

Game seed: 12766996261375344917

60 growler the Trooper (level 3, 30/30 HPs)
             Began as a Demonspawn Gladiator on Aug 15, 2023.
             Quit the game on level 2 of the Dungeon.
             The game lasted 00:01:55 (913 turns).

growler the Trooper (Demonspawn Gladiator)           Turns: 913, Time: 00:01:56

Health: 30/30      AC:  5    Str: 14    XL:     3   Next: 80%
Magic:  3/3        EV: 27    Int: 11    God:
Gold:   99         SH:  0    Dex: 14    Spells: 2/2 levels left

rFire   . . .        a - +0 flail
rCold   . . .        (no shield)
rNeg    . . .        b - +0 leather armour
rPois   .            c - +0 helmet
rElec   .            (no cloak)
rCorr   .            (no gloves)
SInv    .            f - +0 pair of boots
Will    .....        l - amulet of the acrobat
Stlth   +            (no ring)
HPRegen 0.25/turn    (no ring)
MPRegen 0.08/turn

%: acrobat
@: acrobatic
A: ignite blood 1, spiny 1
a: no special abilities


You were on level 2 of the Dungeon.
You visited 1 branch of the dungeon, and saw 2 of its levels.

You collected 99 gold pieces.

Inventory:

Hand Weapons
 a - a +0 flail (weapon)
Missiles
 d - 3 throwing nets (quivered)
 e - a javelin
Armour
 b - a +0 leather armour (worn)
 c - a +0 helmet (worn)
 f - a +0 pair of boots (worn)
Jewellery
 l - an amulet of the acrobat (around neck)
Scrolls
 g - 3 scrolls of identify
 i - a scroll of vulnerability {unknown}
 j - 2 scrolls of immolation {unknown}
Potions
 h - 3 potions of curing {unknown}
 k - a potion of might {unknown}
 m - 2 potions of degeneration {unknown}


   Skills:
 + Level 4.2 Fighting
 - Level 2.6 Maces & Flails
 - Level 1.7 Throwing
 - Level 2.6 Dodging


You had 2 spell levels left.
You didn't know any spells.
Your spell library contained the following spells:

 Spells                   Type           Power      Damage    Failure   Level
 Sandblast                Erth           0%         2d4       41%         1
 Passwall                 Tmut/Erth      0%         N/A       56%         2
 Inner Flame              Hex/Fire       0%         N/A       80%         3
 Stone Arrow              Conj/Erth      0%         3d7       80%         3
 Yara's Violent Unravell  Hex/Tmut       0%         3d3       100%        5
 Enfeeble                 Hex            0%         N/A       100%        7


Dungeon Overview and Level Annotations

Branches:
Dungeon (2/15)

Altars:


Innate Abilities, Weirdness & Mutations

Your demonic aura sometimes causes spilled blood to erupt in flames.
You are partially covered in sharp spines.


Message History

The giant cockroach is struck by your spines.
You kill the giant cockroach!
As you open the door, it creaks loudly!
Found a club.
There is an open door here.
You see here a +0 club.
As you open the door, it creaks loudly!
There is an open door here.
You open the door.
A hobgoblin comes into view.
An endoplasm and a hobgoblin come into view.
The endoplasm quivers.
The hobgoblin shouts!
A rat comes into view.
There is an open door here.
The hobgoblin shouts!
You hit the hobgoblin.
You kill the hobgoblin!
The endoplasm freezes you.
You are frozen.
You sock the rat!
You kill the rat!
The endoplasm hits you. The hobgoblin closely misses you.
You sock the endoplasm!
You kill the endoplasm!
The hobgoblin misses you. The hobgoblin hits you.
You hit the hobgoblin.
The hobgoblin is heavily wounded.
The hobgoblin closely misses you.
You closely miss the hobgoblin.
The hobgoblin is heavily wounded.
The hobgoblin closely misses you.
You barely miss the hobgoblin.
The hobgoblin is heavily wounded.
The hobgoblin is struck by your spines. The hobgoblin closely misses you.
You hit the hobgoblin.
You kill the hobgoblin!
You see here a hobgoblin corpse.
You see here the +1 whip of Modesty {protect, *Noise rElec rN++ Dex+9}.
Are you sure you want to abandon this character and quit the game? (Confirm with "yes".)

.. #...........# .#
### #.....†.....#
.#♣♣.♣♣####'####.####
.#♣.♣.♣#.....# #.#
.'.♣♣♣.'.##.## #.#
.#♣)♣.♣####.# #.#
.#♣♣.♣♣ #.# #.# .#
### #.####.####..# .#
#.....@......# .#
#.####.####..# .# #.#
#.# .# #.# #.# .# ..#
.# ... .# ### ## #


There were no monsters in sight!

Vanquished Creatures
  2 adders (D:2)
  A worm (D:2)
  4 ball pythons
  4 endoplasms
  3 giant cockroaches
  3 goblins (D:1)
  4 hobgoblins
  7 bats
  2 frilled lizards
  2 kobolds
  4 rats
36 creatures vanquished.

Notes
Turn   | Place    | Note
-------+----------+-------------------------------------------
     0 | D:1      | growler the Demonspawn Gladiator began the quest for the
                  | Orb.
     0 | D:1      | Reached XP level 1. HP: 16/16 MP: 1/1
   125 | D:1      | Gained mutation: You are partially covered in sharp spines.
                  | [demonic ancestry]
   125 | D:1      | Reached XP level 2. HP: 6/23 MP: 2/2
   301 | D:1      | Reached skill level 3 in Fighting
   336 | D:1      | You fall into a shaft and drop 1 floor!
   720 | D:2      | Gained mutation: Your demonic aura sometimes causes spilled
                  | blood to erupt in flames. [demonic ancestry]
   720 | D:2      | Reached XP level 3. HP: 30/30 MP: 3/3
   778 | D:2      | Reached skill level 4 in Fighting
   912 | D:2      | Identified the +1 whip of Modesty {protect, *Noise rElec
                  | rN++ Dex+9}
   913 | D:2      | Quit the game

Illustrated notes

Levels and vault maps discovered:
D:1:      sevenhm_arrival_forest_fort_small_1, layout_basic
D:2:      layout_basic, kennysheep_generic_room_13

Skill      XL: |  1  2  3 |
---------------+----------+-----
Fighting       | 3 4 |  4.2
Maces & Flails | |  2.6
Throwing       | |  1.7
Dodging        | |  2.6

Action                     || total
---------------------------++-------
  Melee: Flail             ||    67
         Punch             ||     2
    Use: Scroll            ||     1
 Armour: Leather armour    ||    23
  Dodge: Dodged            ||    45
